 Dungeon Crawl Stone Soup version 0.24.0-123-gd5b16e6ec5 (webtiles) character file.

Game seed: 14356345466156282286, levelgen mode: deterministic

242 Bluestream the Cudgeler (level 5, -8/48 HPs)
             Began as a Minotaur Berserker on Feb 1, 2020.
             Was a Priest of Trog.
             Mangled by an iguana (10 damage)
             ... on level 4 of the Dungeon.
             The game lasted 00:04:47 (2780 turns).

Bluestream the Cudgeler (Minotaur Berserker)        Turns: 2780, Time: 00:04:48

Health: -8/48      AC:  2    Str: 22    XL:     5   Next: 81%
Magic:  4/4        EV: 10    Int:  4    God:    Trog [***...]
Gold:   191        SH:  0    Dex: 14    Spells: 4/4 levels left

rFire    . . .     SeeInvis .   a - +0 mace
rCold    . . .     Gourm    .   (no shield)
rNeg     . . .     Faith    .   b - +0 animal skin
rPois    .         Spirit   .   (helmet restricted)
rElec    .         Reflect  .   (no cloak)
rCorr    .         Harm     .   (no gloves)
MR       .....                  (no boots)
Stlth    +.........             (no amulet)
HPRegen  0.16/turn              q - +4 ring of dexterity
MPRegen  0.09/turn              (no ring)

@: berserk cooldown, slowed, constricted, very slow
A: retaliatory headbutt, horns 2
a: Berserk, Trog's Hand, Renounce Religion


You were on level 4 of the Dungeon.
You worshipped Trog.
Trog was most pleased with you.
You were very hungry.

You visited 1 branch of the dungeon, and saw 4 of its levels.

You collected 191 gold pieces.

Inventory:

Hand Weapons
 a - a +0 mace (weapon)
Armour
 b - a +0 animal skin (worn)
Jewellery
 q - a +4 ring of dexterity (left hand)
Wands
 n - a wand of paralysis (8)
Scrolls
 d - a scroll of fog {unknown}
 e - 4 scrolls of identify {unknown}
 f - 3 scrolls of enchant weapon {unknown}
 g - 2 scrolls of immolation {unknown}
 j - 2 scrolls of amnesia {unknown}
 k - 2 scrolls of teleportation {unknown}
 l - 2 scrolls of enchant armour {unknown}
 m - 2 scrolls of fear {unknown}
 t - a scroll of magic mapping {unknown}
Potions
 h - a potion of agility {unknown}
 o - a potion of brilliance {unknown}
 r - 2 potions of degeneration {unknown}
 s - a potion of heal wounds {unknown}
 u - a potion of invisibility {unknown}
Comestibles
 c - 5 rations
 p - 2 chunks of flesh


   Skills:
 * Level 5.3 Fighting
 * Level 5.5 Maces & Flails
 + Level 3.7 Armour
 + Level 3.4 Dodging


You had 4 spell levels left.
You didn't know any spells.
Your spell library was empty.

Dungeon Overview and Level Annotations

Branches:
Dungeon (4/15)
 Temple: D:4-7

Altars:
Sif Muna

Annotations:
D:4 Ijyb, Menkaure


Innate Abilities, Weirdness & Mutations

You reflexively headbutt those who attack you in melee.
You have a pair of horns on your head.


Message History

The hound bites you.
The orc hits you from afar with a +0 trident.
The hound bites you but does no damage. Menkaure hits you!
* * * LOW HITPOINT WARNING * * *
The orc barely misses you.
As you read the scroll labeled EFOXTIMEKH, it crumbles to dust.
You feel blessed for a moment.
It was a scroll of remove curse.
The hound barely misses you.
The ball python bites you but does no damage.
The ball python grabs you.
* * * LOW HITPOINT WARNING * * *
The ball python constricts you. The hound bites you.
* * * LOW HITPOINT WARNING * * *
Menkaure calls on the powers of darkness!
The ball python convulses!
The hound convulses!
The orc convulses!
The adder convulses!
The orc convulses!
You feel a surge of unholy energy.
The iguana convulses!
Ijyb convulses!
The orc convulses!
A ball python comes into view.
The iguana bites you!
You die...

...
#...................
...
...##/...............
.
....#....?(...........
..
...........##.........
.%.....##((........#
..........(........#
....#....>....o.o...
.....##..o.#.....##.
....##.@lg.#.†o...#
##.S.MSho.o..)...#
.S..#..#...........?.
... #..#.............
. #..#.............
##.....(.........
#............###
#..........#..#
...........####


You could see Ijyb, Menkaure, an iguana, a hound, an adder, 3 orcs and 2 ball
pythons.

Vanquished Creatures
  A howler monkey (D:4)
  An orc priest (D:3)
  3 gnolls (D:3)
  3 adders
  An ooze (D:3)
  2 worms
  A dart slug (D:1)
  2 leopard geckos
  12 orcs
  8 bats
  2 giant cockroaches
  6 goblins
  6 hobgoblins
  10 jackals
  11 kobolds
  2 quokkas (D:2)
  3 ball pythons
  11 frilled lizards
  7 rats
  A plant (D:2)
93 creatures vanquished.

Notes
Turn   | Place    | Note
-------+----------+-------------------------------------------
     0 | D:1      | Bluestream the Minotaur Berserker began the quest for the
                  | Orb.
     0 | D:1      | Reached XP level 1. HP: 19/19 MP: 0/0
   153 | D:1      | Reached XP level 2. HP: 24/27 MP: 1/1
   326 | D:1      | Reached ** piety under Trog
   331 | D:1      | Reached XP level 3. HP: 19/33 MP: 2/2
  1205 | D:2      | Reached XP level 4. HP: 39/41 MP: 3/3
  1314 | D:2      | Found a faded altar of an unknown god.
  1658 | D:3      | Reached *** piety under Trog
  2013 | D:3      | Reached skill level 5 in Maces & Flails
  2013 | D:3      | Reached XP level 5. HP: 39/47 MP: 4/4
  2082 | D:3      | Reached skill level 5 in Fighting
  2402 | D:3      | Found a shimmering blue altar of Sif Muna.
  2769 | D:4      | Noticed Ijyb
  2775 | D:4      | Noticed Menkaure
  2780 | D:4      | HP: 2/48 [hound (4)]
  2780 | D:4      | Mangled by an iguana

Levels and vault maps discovered:
D:1:      eino_arrival_cavern_c, layout_loops_ring
D:2:      layout_loops_cross, serial_bayou, serial_bayou_pond_d,
          serial_bayou_crossing, serial_bayou_shore_a, serial_bayou_lagoon_a,
          chequers_ecumenical_altar_simple
D:3:      layout_rooms, lemuel_blue_sif_altar
D:4:      layout_cave_pools, first_ration, kennysheep_generic_room_8, uniq_ijyb,
          uniq_menkaure

Skill      XL: |  1  2  3  4  5 |
---------------+----------------+-----
Maces & Flails | 4 5 |  5.5
Fighting       | 4 5 |  5.3
Armour         | 3 |  3.7
Dodging        | 3 |  3.4

Action                   |  1- 3 |  4- 6 || total
-------------------------+-------+-------++-------
Melee: Mace              |   102 |    81 ||   183
       Headbutt          |    11 |    18 ||    29
Invok: Berserk           |     1 |     4 ||     5
  Use: Scroll            |       |     1 ||     1
  Eat: Chunk             |     2 |     8 ||    10
Armor: Animal skin       |    15 |    16 ||    31
Dodge: Dodged            |    65 |    80 ||   145
